Cogmind - Beta 10 X1 @@@ ROGUE MODE // 2020.06.25 @ 14:26:08 Player: lsend Result: Destroyed by D-53 Grenadier with Mini Grenade Launcher Performance ------------- Evolutions (0) 0 Regions Visited (4) 800 Robots Destroyed (0) 0 Value Destroyed (0) 0 Prototype IDs (23) 460 Alien Tech Used (0) 0 Bonus (385) 385 TOTAL SCORE: 1645 Bonus ------- Follower Combat Kills 85 Aligned with FarCom 300 Cogmind --------- Core Integrity 0/250 Matter 290/300 Energy 80/100 System Corruption 0% Temperature Cool (0) Movement Core (50) Location -9/Mines Parts ------- > --- POWER (1) -------- (None) > --- PROPULSION (2) --- (None) > --- UTILITY (2) ------ (None) > --- WEAPON (2) ------- Longsword +1 > --- INVENTORY (4) ---- Flying Fortress v7 Peak State ------------ > --- POWER ------------ (None) > --- PROPULSION ------- (None) > --- UTILITY ---------- High-capacity Storage Unit Power Shielding > --- WEAPON ----------- (None) > --- INVENTORY -------- Flying Fortress v7 Army-in-a-Box Longsword +1 [Rating: 11] Favorites ----------- Power None Propulsion None Utility Power Shielding Storage High-capacity Storage Unit Protection Power Shielding Weapon None Build | -11 -10 -10 -10 -9 ------- Run | Scr Mat Min Exi Min Slots Evolved . | . . . . . Power . | . . . . . Propulsion . | . . . . . Utility . | . . . . . Weapon . | . . . . . Parts Attached 6 | . . 1 4 1 Power . | . . . . . Engine . | . . . . . Core . | . . . . . Reactor . | . . . . . Propulsion . | . . . . . Treads . | . . . . . Leg . | . . . . . Wheel . | . . . . . Hover . | . . . . . Flight . | . . . . . Utility 5 | . . 1 4 . Device . | . . . . . Storage 4 | . . . 4 . Processor . | . . . . . Hackware . | . . . . . Protection 1 | . . 1 . . Artifact . | . . . . . Weapon 1 | . . . . 1 Energy Gun . | . . . . . Energy Cannon . | . . . . . Ballistic Gun . | . . . . . Ballistic Cannon . | . . . . . Launcher . | . . . . . Special Weapon . | . . . . . Impact Weapon . | . . . . . Slashing Weapon 1 | . . . . 1 Piercing Weapon . | . . . . . Special Melee Weapon . | . . . . . Unidentified Prototypes . | . . . . . Parts Lost . | . . . . . Power . | . . . . . Propulsion . | . . . . . Utility . | . . . . . Weapon . | . . . . . Highest Loss Streak . | . . . . . Average Slot Usage (%) 24 | . . 10 26 28 Storage 13 | . . . 14 28 Protection 10 | . . 10 12 . Naked Turns 121 | . 34 86 . 1 Heaviest Build 33 | . . 1 33 16 Greatest Support 3 | 3 3 3 3 3 Greatest Overweight (x) 10 | . . . 10 5 Average Overweight (x) 2 | . . . 5 4 Largest Inventory Capacity 12 | 4 4 4 12 12 Average Capacity 10 | 4 4 4 11 11 Most Carried 11 | . . . 11 11 Average Carried 7 | . . . 8 10 Final Capacity 12 | 4 4 4 12 4 Final Carried 11 | . . . 11 4 Class Distribution -------------------- 100% | Mutant Dominant Class ---------------- Mutant | -10/Materials Mutant | -10/Mines Mutant | -10/Exiles Mutant | -9/Mines Resources | -11 -10 -10 -10 -9 ----------- Run | Scr Mat Min Exi Min Matter Collected 250 | 200 . 10 . 40 Remotely . | . . . . . Salvage Created . | . . . . . Parts . | . . . . . Haulers Intercepted . | . . . . . Recyclers Shooed . | . . . . . Parts Field Recycled . | . . . . . Retrieved Matter . | . . . . . Parts Self-Destructed . | . . . . . Prevented . | . . . . . Kills | -11 -10 -10 -10 -9 ------- Run | Scr Mat Min Exi Min Combat Hostiles Destroyed . | . . . . . Classes Destroyed . | . . . . . Best Kill Streak . | . . . . . Combat Bots Only . | . . . . . Max Kills in Single Turn . | . . . . . Gunslinging . | . . . . . Exploded . | . . . . . Melee . | . . . . . Uniques/NPCs Destroyed . | . . . . . Combat | -11 -10 -10 -10 -9 -------- Run | Scr Mat Min Exi Min Damage Taken 321 | . . . . 321 Core 256 | . . . . 256 Absorbed by Shields . | . . . . . Core Remaining (%) 100 | 100 . . . . Volleys Fired . | . . . . . Largest . | . . . . . Hottest . | . . . . . Shots Fired . | . . . . . Gun . | . . . . . Cannon . | . . . . . Launcher . | . . . . . Special . | . . . . . Kinetic . | . . . . . Thermal . | . . . . . Explosive . | . . . . . Electromagnetic . | . . . . . Robot Hit Streak . | . . . . . Robot Miss Streak . | . . . . . Penetration Max . | . . . . . Secondary Targets . | . . . . . Shots Hit Robots . | . . . . . Core Hits . | . . . . . Critical Hits . | . . . . . Critical Kills . | . . . . . Critical Parts Destroyed . | . . . . . Melee Attacks . | . . . . . Impact . | . . . . . Slashing . | . . . . . Piercing . | . . . . . Sneak Attacks . | . . . . . Combat Hostiles . | . . . . . Follow-up Attacks . | . . . . . Damage Inflicted . | . . . . . Guns . | . . . . . Cannons . | . . . . . Explosions . | . . . . . Melee . | . . . . . Ramming . | . . . . . Kinetic . | . . . . . Thermal . | . . . . . Explosive . | . . . . . Electromagnetic . | . . . . . Impact . | . . . . . Slashing . | . . . . . Piercing . | . . . . . Highest Corruption . | . . . . . Average Corruption . | . . . . . Corruption Purged . | . . . . . Overload Shots . | . . . . . Overflow Damage . | . . . . . Projectiles . | . . . . . Explosions . | . . . . . Melee . | . . . . . Knockbacks . | . . . . . Impact . | . . . . . Kinetic . | . . . . . Secondary . | . . . . . Self-Inflicted Damage . | . . . . . Shots . | . . . . . Rammed . | . . . . . Targets Rammed . | . . . . . Kicked . | . . . . . Crushed . | . . . . . Highest Temperature . | . . . . . Average Temperature . | . . . . . Received Heat Transfer . | . . . . . Siege Activations . | . . . . . Robots Corrupted . | . . . . . Combat Hostiles . | . . . . . Parts Fried . | . . . . . Impact Corruptions . | . . . . . Robots Melted . | . . . . . Combat Hostiles . | . . . . . Parts Melted . | . . . . . Heat Transferred . | . . . . . Parts Sabotaged . | . . . . . Parts Stolen . | . . . . . Parts Stripped . | . . . . . Power Chain Reactions . | . . . . . Missiles Intercepted . | . . . . . Alert | -11 -10 -10 -10 -9 ------- Run | Scr Mat Min Exi Min Peak Influence 78 | . 13 4 . 78 Average Influence 12 | . 10 4 . 23 Maximum Alert Level . | . . . . . Low Security (%) 100 | 100 100 100 . 100 Level 1 . | . . . . . Level 2 . | . . . . . Level 3 . | . . . . . Level 4 . | . . . . . Level 5 . | . . . . . High Security . | . . . . . Max Security . | . . . . . Squads Dispatched 1 | . 1 . . . Investigation . | . . . . . Extermination . | . . . . . Reinforcement 1 | . 1 . . . Assault . | . . . . . Garrison . | . . . . . Intercept . | . . . . . Construction Impeded . | . . . . . Haulers Reinforced . | . . . . . Stealth | -11 -10 -10 -10 -9 --------- Run | Scr Mat Min Exi Min Distress Signals . | . . . . . Communications Jammed . | . . . . . Distress Signals . | . . . . . Times Spotted 7 | . 2 . . 5 Peak Tracking Total 3 | . 2 . . 3 Tactical Retreats . | . . . . . Traps | -11 -10 -10 -10 -9 ------- Run | Scr Mat Min Exi Min Traps Triggered . | . . . . . Indirectly . | . . . . . Trap Hack Attempts . | . . . . . Triggered . | . . . . . Disarmed . | . . . . . Reprogrammed . | . . . . . Reused . | . . . . . Traps Extracted . | . . . . . Installed . | . . . . . Triggered . | . . . . . Machines | -11 -10 -10 -10 -9 ---------- Run | Scr Mat Min Exi Min Machines Disabled . | . . . . . Max in Single Turn . | . . . . . Machines Sabotaged . | . . . . . Garrisons Compromised . | . . . . . Overloaded Fab Kills . | . . . . . Fab Network Shutdowns . | . . . . . Hacking | -11 -10 -10 -10 -9 --------- Run | Scr Mat Min Exi Min Machines Accessed 2 | . 1 . 1 . Terminals 1 | . 1 . . . Fabricators . | . . . . . Repair Stations . | . . . . . Recycling Units . | . . . . . Scanalyzers . | . . . . . Garrison Access . | . . . . . Total Hacks 4 | . 3 . 1 . Successful 3 | . 2 . 1 . Failed 1 | . 1 . . . Catastrophic . | . . . . . Database Lockouts . | . . . . . Manual 4 | . 3 . 1 . Terminals 3 | . 3 . . . Fabricators . | . . . . . Repair Stations . | . . . . . Recycling Units . | . . . . . Scanalyzers . | . . . . . Garrison Access . | . . . . . Terminal Hacks 2 | . 1 . 1 . Branch Access Points 1 | . 1 . . . EX-Prototype ID Bank 1 | . . . 1 . Fabricator Hacks . | . . . . . Repair Station Hacks . | . . . . . Recycling Unit Hacks . | . . . . . Scanalyzer . | . . . . . Garrison Access Hacks . | . . . . . Unauthorized Hacks 1 | . 1 . . . Terminals 1 | . 1 . . . Botnet 1 | . 1 . . . Fabricators . | . . . . . Repair Stations . | . . . . . Recycling Units . | . . . . . Scanalyzers . | . . . . . Garrison Access . | . . . . . Data Cores Recovered . | . . . . . Used . | . . . . . Hacking Detections . | . . . . . Full Trace Events . | . . . . . Feedback Events . | . . . . . Feedback Blocked . | . . . . . Robot Schematics Acquired . | . . . . . Robots Built . | . . . . . Matter . | . . . . . Time . | . . . . . Total Robot Build Rating . | . . . . . Part Schematics Acquired . | . . . . . Parts Built . | . . . . . Matter . | . . . . . Time . | . . . . . Total Part Build Rating . | . . . . . Parts Repaired . | . . . . . Time . | . . . . . Parts Recycled . | . . . . . Recycled Matter . | . . . . . Retrieved Matter . | . . . . . Retrieved Components . | . . . . . Parts Scanalyzed . | . . . . . Part Schematics Acquired . | . . . . . Parts Damaged . | . . . . . Bothacking | -11 -10 -10 -10 -9 ------------ Run | Scr Mat Min Exi Min Used RIF Installer . | . . . . . Robots Hacked . | . . . . . Non-combat . | . . . . . Combat . | . . . . . Robot Hacks Applied . | . . . . . Relay Couplers Released . | . . . . . Robots Rewired . | . . . . . Allies Hacked . | . . . . . Hacks Repelled . | . . . . . Allies | -11 -10 -10 -10 -9 -------- Run | Scr Mat Min Exi Min Total Allies 4 | . . 4 . . Largest Group 4 | . . 4 4 3 Highest-Rated Group 71 | . . 71 71 40 Highest-Rated Ally 31 | . . 31 31 16 Total Orders . | . . . . . Ally Attacks 9 | . . . . 9 Total Damage 118 | . . . . 118 Kills 3 | . . . . 3 Allies Corrupted . | . . . . . Allies Melted . | . . . . . Intel | -11 -10 -10 -10 -9 ------- Run | Scr Mat Min Exi Min Robot Analysis Total . | . . . . . Derelict Logs Recovered 3 | . . 2 . 1 Drone Launches . | . . . . . Drone Recoveries . | . . . . . Exploration | -11 -10 -10 -10 -9 ------------- Run | Scr Mat Min Exi Min Turns Passed 2215 | 15 34 303 1620 243 Spaces Moved 1221 | 30 64 538 509 80 Core 1221 | 30 64 538 509 80 Treads . | . . . . . Legs . | . . . . . Wheels . | . . . . . Hover . | . . . . . Flight . | . . . . . Fastest Speed 50 | 50 50 50 50 50 Average Speed 176 | 50 50 50 314 296 Slowest Speed 550 | 50 50 50 550 300 Overloaded Moves . | . . . . . Propulsion Burnouts . | . . . . . Robots Hopped . | . . . . . Cave-ins Triggered . | . . . . . Exploration Rate (%) 45 | 3 20 99 78 27 Regions Visited 4 Branch Regions 3 Pre-discovered Areas . | . . . . . Known Exits Taken 1 | . 1 . . . Unknown Exits Taken 3 | 1 . 1 1 . Scrap Searched 1 | . . 1 . . Spaces Dug . | . . . . . Terrain Destroyed . | . . . . . Melee . | . . . . . Projectile . | . . . . . AOE . | . . . . . Actions | -11 -10 -10 -10 -9 --------- Run | Scr Mat Min Exi Min Total 1281 | 29 65 570 530 87 Wait 46 | . 2 32 9 3 Move 1217 | 29 63 537 508 80 Hop . | . . . . . Pick Up 6 | . . . 6 . Fast Attach 6 | . . 1 4 1 Attach . | . . . . . Detach . | . . . . . Swap . | . . . . . Drop 6 | . . . 3 3 Fire . | . . . . . Melee . | . . . . . Ram . | . . . . . Kick . | . . . . . Crush . | . . . . . Escape Stasis . | . . . . . Rewire . | . . . . . Trap . | . . . . . Miscellaneous . | . . . . . Route ------- -11/Scrapyard -10/Materials (discovered 2 exits: *Min x2) -10/Mines (discovered 3 exits: [*Mat x2] / *Exi) -10/Exiles -9/Mines History --------- Turn | Location | Event 5 | -11/Scrapyard | Discovered new exit (range 15) 16 | -11/Scrapyard | Entered Materials 22 | -10/Materials | Identified exit to Mines 50 | -10/Materials | Entered Mines 53 | -10/Mines | Assisted by bots powering up and referring to "LRC-V3" 60 | -10/Mines | Found a hidden stash of uninstalled traps 73 | -10/Mines | Met a Derelict bent on vengeance 99 | -10/Mines | Learned Materials terminal intel 127 | -10/Mines | Learned 2 Materials zone layouts 128 | -10/Mines | Discovered new exit (range 8) 188 | -10/Mines | Discovered new exit (range 2) 191 | -10/Mines | Received a Mining Laser from a helpful Derelict 270 | -10/Mines | Received a Rocket Launcher from a helpful Derelict 277 | -10/Mines | Deemed a non-threat by the Exiles lab entrance 277 | -10/Mines | Discovered new exit (range 5) 309 | -10/Mines | Build established: Mutant 353 | -10/Mines | Entered Exiles 353 | -10/Exiles | Accompanied by 4 allies 366 | -10/Exiles | Met 8R-AWN 374 | -10/Exiles | Met EX-HEX 389 | -10/Exiles | Met EX-BIN 395 | -10/Exiles | Aligned with FarCom system 396 | -10/Exiles | Given EX-Vault access code 407 | -10/Exiles | Opened EX-Vault 410 | -10/Exiles | Found Flying Fortress v7 421 | -10/Exiles | Warned to stay clear of 0b10 Research branches 435 | -10/Exiles | Met EX-DEC 901 | -10/Exiles | Found Army-in-a-Box 908 | -10/Exiles | Found Longsword +1 1355 | -10/Exiles | Visited The Gauntlet 1931 | -10/Exiles | Discovered new exit (range 14) 1973 | -10/Exiles | Stole three prototypes: Flying Fortress v7, Army-in-a-Box, Longsword +1 1973 | -10/Exiles | Entered Mines 1973 | -9/Mines | Accompanied by 3 allies 2190 | -9/Mines | Assembled infested the area 2195 | -9/Mines | Assisted by a Guerilla fighting off Assembled 2213 | -9/Mines | Core integrity fell below 50% 2216 | -9/Mines | Core integrity fell below 20% 2216 | -9/Mines | Destroyed by D-53 Grenadier with Mini Grenade Launcher Last Messages --------------- 02158_ R-06 Scavenger collects Lgt. Nuclear Core. 02180_ Acquired 4 matter. 02190_ ALERT: Infestation in the mines, dispatching Demolisher response squad. 02195_ A derelict emerges from the shadows: "You need to get out of here! I've been tracking a group of Assembled to figure out where they're coming from, and they're closing on this area, come on!" 02205_ C-30 ARC bursts open, deploying its payload. 02205_ D-53 Grenadier unfolds itself. 02206_ Trooper 1a destroyed. 02206_ Core Extractor disabled. 02208_ Trooper 1b destroyed. 02209_ The unstable cave ceiling collapses. 02212_ R-06 Scavenger collects Aluminum Leg. 02213_ R-06 Scavenger destroyed. 02213_ Dropped Army-in-a-Box. 02214_ Dropped Med. Storage Unit. 02215_ The unstable cave ceiling collapses. 02215_ Dropped Med. Storage Unit. 02215_ K-01 Serf collects debris. 02216_ Acquired Longsword +1. Map ----- +----------------------------------------------------+ | | | | | ?????????????????????????????????????????????????? | | ?????????????????????????????????????????????????? | | ####?????????????????????????????????????????????? | | # ##????????????????????????????????????????????? | | # ##???????????????????????????????????????????? | | # #???????????????????????????????????????????? | | ##??????????????????????????????????????????? | | ##?????????????????????????????????????????? | | ##????????????????????????????????????????? | | ##???????????????????????????????????????? | | #########???????????????????????????????? | | #???????????????????????????????? | | ######## #???????????????????????????????? | | ####??????# #?????????????? #???????????????? | | ##?????????# #?????????????? #???????????????? | | ##??????????# #????????????? k#???????????????? | | ##???????????# #??????????### ###?????????????? | | ###????????????# #????###### d ??????????????? | | #??????????????# #??### d ##??????????????? | | ???????????????# #??## ##?????????????? | | ???????????????# #### ## #??????????? | | ???????????????# ## #??????????? | | ???????????????## ## #??????????????? | | ????????????????#% ## @ #???????????????? | | ???????????????##% ## !!* ###???????????????? | | ??????????###?## % ! ##?????????????????? | | ?????????## ## % ##??????????????????? | | ?????????# # #??????????????????? | | ?????????# ##### ##??????????????????? | | ?????????## ##???#####k ??????????????????? | | ??????????## ##????????? ?????????????????? | | ???????????# #?????????? #????????????????? | | ???????????## ##??????????# ##????????????????? | | ????????????####???????????? #?????????????????? | | ???????????????????????????? #?????????????????? | | ???????????????????????????? #?????????????????? | | ????????????????????????????? ##?????????????????? | | ?????????????????????????????##??????????????????? | | ?????????????????????????????????????????????????? | | ?????????????????????????????????????????????????? | | ?????????????????????????????????????????????????? | | ?????????????????????????????????????????????????? | | ?????????????????????????????????????????????????? | | ?????????????????????????????????????????????????? | | ?????????????????????????????????????????????????? | | ?????????????????????????????????????????????????? | | ?????????????????????????????????????????????????? | | ?????????????????????????????????????????????????? | +----------------------------------------------------+ Best States ------------- Heat Dissipation 25 Energy Generation 5 Energy Capacity 100 Matter Stores 300 Matter Capacity 300 Sight Range 16 Terrain Scan Density 10 Power Shielding 33 Evasion (%) 50 Item Schematics ----------------- None Robot Schematics ------------------ None Fabricated ------------ Nothing Alien Tech Used ----------------- None Achievements -------------- None Challenges ------------ None Game ------ Seed PhaseExplosiveNeutralizer Manual? 0 Play Time 00:11:39 Cumulative 519.1 hours Start 2020.06.12 @ 23:40:13 End 2020.06.25 @ 14:26:08 Sessions 3 Manual Loads 0 Difficulty Rogue Special Mode None Game No. 418 Rogue 418 Adventurer 0 Explorer 0 Win Type - Total 141 Types 84/8/34/6/3/2/4 Lore% 98 Gallery% 95 Achievement% 83 Wizard Run 0 Options --------- ASCII 1 Keyboard 0 Movement Vi Keybinds 0 Fullscreen 0 Font 16/Smallcaps Map View 86x75 Tactical HUD 1 Map Filters NONE Filters NONE Steam 1 RUN: e61a032c-f668-4d33-b706-2d8becd03763